 Dungeon Crawl Stone Soup version 0.31-a0-844-gdc52ec4e09 (webtiles) character file.

Game seed: 7480473900586635659

819 Kurtz the Chopper (level 7, -1/48 HPs)
             Began as an Octopode Fighter on Sept 30, 2023.
             Slain by a gnoll sergeant
             ... wielding a +0 spear
              (9 damage)
             ... on level 6 of the Dungeon.
             The game lasted 00:04:10 (5227 turns).

Kurtz the Chopper (Octopode Fighter)                Turns: 5227, Time: 00:04:10

Health: -1/48      AC:  1    Str: 16    XL:     7   Next: 95%
Magic:  0/7        EV: 14    Int: 10    God:
Gold:   175        SH:  5    Dex: 13    Spells: 6/6 levels left

rFire   . . .        t - +0 mace (protect)
rCold   . . .        b - +0 buckler
rNeg    . . .        (helmet restricted)
rPois   .            f - amulet of guardian spirit
rElec   .            k - ring of wizardry
rCorr   .            (no ring)
SInv    .            (no ring)
Will    .....        (no ring)
Stlth   ++           (no ring)
HPRegen 0.28/turn    (no ring)
MPRegen 0.10/turn    (no ring)
                     (no ring)

%: guardian spirit, wizardry (x1)
@: no status effects
A: almost no armour, amphibious, 8 rings, camouflage 1, gelatinous body 1,
(nimble swimmer 1), tentacles
a: no special abilities


You were on level 6 of the Dungeon.
You visited 1 branch of the dungeon, and saw 6 of its levels.
You also visited: Sewer.

You collected 175 gold pieces.

Inventory:

Hand Weapons
 a - a +0 war axe
 t - a +0 mace of protection (weapon)
Armour
 b - a +0 buckler (worn)
Jewellery
 f - an amulet of guardian spirit (around mantle)
 k - a ring of wizardry (left tentacle)
 m - the ring of Fieh {rPois rC- EV+5 Str+3 SInv}
   (You found it on level 5 of the Dungeon)

   [ring of evasion]

   EV+5:      It affects your evasion (+5).
   Str+3:     It affects your strength (+3).
   rC-:       It makes you vulnerable to cold.
   rPois:     It protects you from poison SInv: It lets you see invisible.
Wands
 n - a wand of polymorph (3)
 u - a wand of acid (10) (quivered)
Scrolls
 d - 2 scrolls of vulnerability {unknown}
 e - 3 scrolls of noise {unknown}
 g - a scroll of acquirement {unknown}
 h - 2 scrolls of revelation {unknown}
 i - 3 scrolls of identify {unknown}
 j - a scroll of enchant weapon {unknown}
 l - a scroll of butterflies {unknown}
 r - a scroll of fog {unknown}
 s - 3 scrolls of teleportation {unknown}
 v - a scroll of immolation {unknown}
Potions
 c - a potion of might
 p - a potion of heal wounds
 q - 3 potions of resistance {unknown}


   Skills:
 * Level 4.1 Fighting
 * Level 7.0 Axes
 * Level 4.6 Dodging
 * Level 4.0 Shields


You had 6 spell levels left.
You didn't know any spells.
Your spell library contained the following spells:

 Spells                   Type           Power      Damage    Failure   Level
 Necrotise                Necr           0%         1d4       19%         1
 Summon Small Mammal      Summ           0%         N/A       19%         1
 Call Canine Familiar     Summ           0%         N/A       47%         3
 Summon Guardian Golem    Hex/Summ       0%         N/A       47%         3
 Tukima's Dance           Hex            0%         N/A       47%         3
 Vampiric Draining        Necr           0%         2d6       47%         3
 Passage of Golubria      Tloc           0%         N/A       86%         4
 Agony                    Necr           0%         N/A       99%         5
 Yara's Violent Unravell  Hex/Tmut       0%         3d3       99%         5


Dungeon Overview and Level Annotations

Branches:
Dungeon (6/15)              Sewer (visited)
 Temple: D:4-7

Altars:
Elyvilon
Yredelemnul


Innate Abilities, Weirdness & Mutations

You cannot wear most types of armour.
You are amphibious.
You can wear up to eight rings at the same time.
Your skin changes colour to match your surroundings (Stealth+).
Your rubbery body absorbs attacks. (AC +1, EV +1)
((You are camouflaged when in or above water. (Stealth+)))
You have tentacles for arms and can constrict up to eight enemies at once.


Message History

The gnoll moves out of view.
Things that are here:
a +0 flail; a +2 halberd of freezing You hit the gnoll.
You grab the gnoll. You squeeze the gnoll!
You kill the gnoll!
A gnoll sergeant comes into view.
It is wielding a +0 spear and wearing a +1 ring mail of cold resistance.
Unknown command.
The gnoll barely misses you.
The gnoll sergeant hits you from afar with a +0 spear!
You closely miss the gnoll.
The gnoll shouts!
You grab the gnoll. You squeeze the gnoll!
The gnoll is almost dead.
You constrict the gnoll.
You kill the gnoll!
The gnoll sergeant closely misses you. The gnoll hits you with a +0 halberd!
The gnoll sergeant hits you with a +0 spear.
You see here a +0 club.
You are too injured to fight recklessly!
Unknown command.
You are too injured to fight recklessly!
Unknown command.
You are too injured to fight recklessly!
Unknown command.
You are too injured to fight recklessly!
You barely miss the gnoll. Your grab misses the gnoll.
Your squeeze misses the gnoll. The gnoll closely misses you.
The gnoll sergeant hits you with a +0 spear!
* * * LOW HITPOINT WARNING * * *
Unknown command.
You closely miss the gnoll sergeant. Your grab misses the gnoll sergeant.
You squeeze the gnoll sergeant.
The gnoll sergeant is lightly wounded.
The gnoll barely misses you.
The gnoll sergeant hits you with a +0 spear.
* * * LOW HITPOINT WARNING * * *
The gnoll closely misses you.
The gnoll sergeant hits you with a +0 spear!
You die...

#...### #.# #.#
#..## ... ..#
##..# ..## ##
##...## ##
#.####.....#
#..#...###..##.
#...#####....
##)##.g.......
#)..@g.....##
#.#######...#
#.# #.. .## #.
#. #[


You could see a gnoll sergeant and a gnoll.

Vanquished Creatures
  An ice beast (D:6)
  A scorpion (D:5)
  2 hounds
  An orc priest (D:6)
  A gnoll bouda (D:5)
  A sleepcap (D:5)
  4 iguanas
  An orc wizard (D:6)
  7 gnolls
  8 river rats
  14 adders
  A white imp (D:5)
  2 worms
  15 orcs
  7 endoplasms
  3 giant cockroaches
  7 goblins
  4 hobgoblins
  5 jackals
  9 quokkas
  9 ball pythons
  5 bats
  9 frilled lizards
  3 kobolds
  11 rats
131 creatures vanquished.

Notes
Turn   | Place    | Note
-------+----------+-------------------------------------------
     0 | D:1      | Kurtz the Octopode Fighter began the quest for the Orb.
     0 | D:1      | Reached XP level 1. HP: 16/16 MP: 1/1
   293 | D:1      | Reached XP level 2. HP: 21/21 MP: 2/2
   707 | D:1      | Reached skill level 3 in Axes
  1383 | D:2      | Reached XP level 3. HP: 26/26 MP: 1/3
  1665 | D:2      | Reached skill level 4 in Axes
  1680 | D:2      | Reached XP level 4. HP: 31/31 MP: 2/4
  2444 | D:3      | Reached skill level 5 in Axes
  2470 | D:3      | Reached XP level 5. HP: 20/36 MP: 3/5
  2484 | D:3      | Found a glowing drain.
  2490 | Sewer    | Entered a sewer
  2814 | Sewer    | Reached XP level 6. HP: 42/42 MP: 6/6
  3136 | D:3      | Found a faded altar of an unknown god.
  3211 | D:3      | Reached skill level 6 in Axes
  4113 | D:5      | Entered Level 5 of the Dungeon
  4117 | D:5      | HP: 1/63 [scorpion (6)]
  4122 | D:5      | HP: 2/63 [scorpion (1)]
  4240 | D:5      | Reached XP level 7. HP: 46/46 MP: 7/7
  4258 | D:5      | Found a white marble altar of Elyvilon.
  4360 | D:5      | Found a basalt altar of Yredelemnul.
  4394 | D:5      | Identified the ring of Fieh {rPois rC- EV+5 Str+3 SInv}
  4748 | D:5      | You fall into a shaft and drop 1 floor!
  5083 | D:6      | Reached skill level 7 in Axes
  5227 | D:6      | Slain by a gnoll sergeant

Illustrated notes

Levels and vault maps discovered:
D:1:      giann_horns, layout_basic, serial_forest,
          infiniplex_forest_clump_cross, infiniplex_forest_lined_2,
          infiniplex_forest_clump_diagonal, infiniplex_forest_straight_2,
          infiniplex_forest_clump_small
D:2:      layout_loops_corners, amcnicky_mini_pool_small
D:3:      layout_loops_ring, gup_sewer_entry_bubbles,
          shapermc_ecumenical_altar_hornbeckon, minivault_26
D:4:      layout_basic
D:5:      layout_rooms, kennysheep_ying_yang, kennysheep_generic_room_9
D:6:      layout_layer_cave, minmay_temple_entry_poolview, minmay_hedge_maze

Skill      XL: |  1  2  3  4  5  6  7 |
---------------+----------------------+-----
Axes           | 3 4 5 6 7 |  7.0
Dodging        | 4 |  4.6
Fighting       | 4 |  4.1
Shields        | 4 |  4.0

Action                     |  1- 3 |  4- 6 |  7- 9 || total
---------------------------+-------+-------+-------++-------
  Melee: War axe           |    55 |    87 |       ||   142
         Constrict         |    15 |    35 |    20 ||    70
         Tentacles         |    12 |    23 |    26 ||    61
         Punch             |       |     2 |     2 ||     4
         Mace              |       |    58 |    78 ||   136
    Use: Potion            |       |     4 |       ||     4
   Stab: Sleeping          |     4 |    19 |       ||    23
 Armour: Skin              |    17 |    88 |    40 ||   145
  Dodge: Dodged            |    29 |    67 |    54 ||   150
  Block: Buckler           |    11 |    32 |    23 ||    66

Table legend: (Time is in decaauts)
 A = Elapsed time spent in this place.
 B = Non-inter-level travel time spent in this place.
 C = Inter-level travel time spent in this place.
 D = Time resting spent in this place.
 E = Time spent auto-exploring this place.
 F = Levels seen in this place.
 G = Mean time per level.
                   A        B        C        D        E       F      G
               +--------+--------+--------+--------+--------+-----+--------+
         Total |   5307 |   5109 |    198 |    336 |   3650 |   7 |  758.1 |
       Dungeon |   4701 |   4503 |    198 |    166 |   3432 |   6 |  783.5 |
         Sewer |    605 |    605 |      0 |    170 |    218 |   1 |  605.0 |
               +--------+--------+--------+--------+--------+-----+--------+

Top non-repeatable levels by time:
     D:1: 1228 daAuts
     D:2: 1016 daAuts
     D:3: 892 daAuts
     D:5: 858 daAuts
   Sewer: 605 daAuts
     D:4: 425 daAuts
     D:6: 280 daAuts
